 Dungeon Crawl Stone Soup version 0.31.0-32-g396128a36d (webtiles) character file.

Game seed: 6060463761084243217

249 Alphaeus the Ruffian (level 5, -1/49 HPs)
             Began as a Troll Shapeshifter on Mar 18, 2024.
             Was a Priest of Cheibriados.
             Slain by Dowan
             ... wielding a +2 dagger of freezing
              (7 damage)
             ... on level 4 of the Dungeon.
             The game lasted 00:01:50 (2407 turns).

Alphaeus the Ruffian (Troll Shapeshifter)           Turns: 2407, Time: 00:01:50

Health: -1/49      AC:  4    Str: 28    XL:     5   Next: 86%
Magic:  4/4        EV: 10    Int: 14    God:    Cheibriados [***...]
Gold:   157        SH:  0    Dex: 15    Spells: 4/4 levels left

rFire   . .          .
                       - Unarmed
rCold   . . .        (no shield)
rNeg    . . .        a - +0 animal skin
rPois   .            (helmet currently unavailable)
rElec   .            (cloak currently unavailable)
rCorr   .            (gloves unavailable)
SInv    .            (boots unavailable)
Will    .....        (no amulet)
Stlth   +            (no ring)
HPRegen 1.08/turn    (no ring)
MPRegen 0.09/turn

%: no passive effects
@: beast-form, very slow
A: beast (slay +2), large, unfitting armour, claws 3, regeneration 1, shaggy fur
1, tough skin 1
a: Begin Untransformation, Renounce Religion, Bend Time, Temporal Distortion


You were on level 4 of the Dungeon.
You worshipped Cheibriados.
Cheibriados was most pleased with you.
You were a hulking beast.
You visited 1 branch of the dungeon, and saw 4 of its levels.

You collected 157 gold pieces.

Inventory:

Armour
 a - a +0 animal skin (worn)
Jewellery
 h - a +6 ring of intelligence
 p - a ring of fire
Talismans
 c - a beast talisman
 d - a flux talisman
Wands
 o - a wand of polymorph (8)
Scrolls
 e - a scroll of vulnerability {unknown}
 i - a scroll of enchant armour {unknown}
 j - a scroll of enchant weapon {unknown}
 n - 3 scrolls of identify {unknown}
 r - a scroll of teleportation {unknown}
Potions
 b - a potion of lignification
 f - a potion of berserk rage {unknown}
 g - 2 potions of heal wounds {unknown}
 k - a potion of haste {unknown}
 l - 2 potions of curing {unknown}
 m - a potion of enlightenment {unknown}
 q - a potion of degeneration {unknown}


   Skills:
 + Level 2.1 Fighting
 - Level 1.5 Dodging
 * Level 4.8 Unarmed Combat
 * Level 4.5 Shapeshifting


You had 4 spell levels left.
You didn't know any spells.
Your spell library contained the following spells:

 Spells                   Type           Power      Damage    Failure   Level
 Apportation              Tloc           0%         N/A       28%         1
 Magic Dart               Conj           0%         1d3       28%         1
 Necrotise                Necr           0%         1d4       28%         1
 Blink                    Tloc           0%         N/A       41%         2
 Call Imp                 Summ           0%         N/A       41%         2
 Jinxbite                 Hex            0%         N/A       41%         2
 Vampiric Draining        Necr           0%         2d6       65%         3
 Ignite Poison            Fire/Alch      0%         N/A       96%         4
 Martyr's Knell           Necr/Summ      0%         N/A       96%         4
 Olgreb's Toxic Radiance  Alch           0%         N/A       96%         4
 Sticky Flame             Fire/Alch      0%         2d4       96%         4
 Alistair's Intoxication  Alch           0%         N/A       100%        5
 Curse of Agony           Necr           0%         N/A       100%        5
 Ozocubu's Refrigeration  Ice            0%         4d7       100%        7
 Discord                  Hex            0%         N/A       100%        8
 Ignition                 Fire           0%         3d3       100%        8


Dungeon Overview and Level Annotations

Branches:
Dungeon (4/15)
 Temple: D:4-7

Altars:
Cheibriados

Annotations:
D:4 Dowan


Innate Abilities, Weirdness & Mutations

You are a hulking beast.
Your limbs bulge with bestial killing power. (Slay +2)
You are too large for most types of armour.
You have claws for hands.
Your natural rate of healing is unusually fast.
You are covered in fur. (AC +1)
You have tough skin. (AC +1)


Message History

Dowan is nearby!
Dowan is nearby!
Found a blade talisman.
Dowan hits you with a +2 dagger of freezing.
Dowan freezes you.
You claw Dowan!
Dowan is severely wounded.
Dowan hits you with a +2 dagger of freezing.
Dowan freezes you.
Dowan casts a spell.
Dowan blinks!
Found a scroll labelled TEJEQU QOIBB.
Dowan zaps a wand.
The puff of flame hits you!
You are too injured to fight recklessly!
You are too injured to fight recklessly!
You are too injured to fight recklessly!
You are too injured to fight recklessly!
You are too injured to fight recklessly!
You are too injured to fight recklessly!
You are too injured to fight recklessly!
You are too injured to fight recklessly!
You are too injured to fight recklessly!
You are too injured to fight recklessly!
You closely miss Dowan.
Dowan is severely wounded.
Dowan zaps a wand.
The puff of flame hits you.
Dowan zaps a wand.
The puff of flame hits you!
Dowan zaps a wand.
The puff of flame hits you.
* * * LOW HITPOINT WARNING * * *
Dowan mumbles some strange words.
Dowan blinks!
Dowan hits you with a +2 dagger of freezing.
* * * LOW HITPOINT WARNING * * *
Dowan freezes you.
* * * LOW HITPOINT WARNING * * *
Okay, then.
You closely miss Dowan.
Dowan is severely wounded.
Dowan hits you with a +2 dagger of freezing!
You die...

#.#### #.
##....##..
<....... ......#
. #.....# ..
##....##...
?..####<.........
.................
.#...##he.)...#.
#...............
##.........##...
.....####...# ..
###.. .....%. ##
....##. #...# .
#.... .#.


You could see Dowan (fast).

Vanquished Creatures
  Duvessa (D:4)
  An orc wizard (D:3)
  5 adders
  4 dart slugs
  4 orcs (D:3)
  6 endoplasms
  2 giant cockroaches
  4 goblins
  4 hobgoblins
  9 jackals
  4 kobolds
  2 quokkas
  3 ball pythons
  5 bats
  10 rats
64 creatures vanquished.

Notes
Turn   | Place    | Note
-------+----------+-------------------------------------------
     0 | D:1      | Alphaeus the Troll Shapeshifter began the quest for the
                  | Orb.
     0 | D:1      | Reached XP level 1. HP: 18/18 MP: 0/0
    64 | D:1      | Found a faded altar of an unknown god.
    84 | D:1      | Prayed at the altar of an unknown god.
    84 | D:1      | Became a worshipper of Cheibriados the Contemplative
    84 | D:1      | Reached * piety under Cheibriados
   128 | D:1      | Reached skill level 1 in Fighting
   167 | D:1      | Reached XP level 2. HP: 27/27 MP: 1/1
  1115 | D:2      | Reached ** piety under Cheibriados
  1116 | D:2      | Reached XP level 3. HP: 33/33 MP: 2/2
  1256 | D:2      | Reached XP level 4. HP: 33/41 MP: 3/3
  1842 | D:3      | Reached XP level 5. HP: 24/49 MP: 4/4
  1925 | D:3      | Reached *** piety under Cheibriados
  2388 | D:4      | Noticed Duvessa
  2389 | D:4      | Noticed Dowan
  2399 | D:4      | Killed Duvessa
  2407 | D:4      | Slain by Dowan

Illustrated notes

Levels and vault maps discovered:
D:1:      dpeg_arrival_rooms_a, layout_basic,
          shapermc_ecumenical_altar_starsandcircs
D:2:      layout_basic, minmay_increasing_density
D:3:      layout_loops_corners
D:4:      layout_rooms, minivault_26, serial_bayou_lagoon_b, uniq_duvessa,
          uniq_pikel

Skill      XL: |  1  2  3  4  5 |
---------------+----------------+-----
Fighting       | 1 2 |  2.1
Unarmed Combat | 4 |  4.8
Shapeshifting  | 4 |  4.5
Dodging        | |  1.5

Action                     |  1- 3 |  4- 6 || total
---------------------------+-------+-------++-------
  Melee: Unarmed           |   100 |    65 ||   165
         Punch             |       |     3 ||     3
 Armour: Animal skin       |    61 |    69 ||   130
  Dodge: Dodged            |    63 |    35 ||    98
